 Dungeon Crawl Stone Soup version 0.23-a0-582-g1b4a0ca2fb (webtiles) character file.

7294 Maize the Cleaver (level 10, -2/94 HPs)
             Began as a Minotaur Fighter on Dec 16, 2018.
             Was a High Priest of Okawaru.
             Slain by a vampire (5 damage)
             ... on level 10 of the Dungeon.
             The game lasted 00:15:03 (9910 turns).

Maize the Cleaver (Minotaur Fighter)                Turns: 9910, Time: 00:15:03

Health: -2/94      AC: 11    Str: 26    XL:     10   Next: 89%
Magic:  7/9        EV: 13    Int:  5    God:    Okawaru [*****.]
Gold:   399        SH:  0    Dex: 11    Spells: 9/9 levels left

rFire    + + +     SeeInvis .   a - +0 war axe
rCold    . . .     Gourm    .   (no shield)
rNeg     . . .     Faith    .   A - +1 ring mail of Surprise {rPois MR+ Str+3}
rPois    +         Spirit   .   (helmet restricted)
rElec    .         Reflect  .   u - scarf {rC+ rF+}
rCorr    .         Harm     .   (no gloves)
MR       +....                  o - +0 pair of boots
Stlth    ++........             (no amulet)
HPRegen  0.25/turn              m - ring of protection from fire
MPRegen  0.11/turn              C - ring of fire

@: heroism
A: retaliatory headbutt, horns 2
a: Heroism, Finesse, Renounce Religion


You were on level 10 of the Dungeon.
You worshipped Okawaru.
Okawaru was extremely pleased with you.
You were hungry.

You visited 2 branches of the dungeon, and saw 11 of its levels.

You collected 399 gold pieces.

Inventory:

Hand Weapons
 a - a +0 war axe (weapon)
 D - a +3 hand axe
Missiles
 F - 11 poisoned javelins (quivered)
Armour
 b - a +0 scale mail
 o - a +0 pair of boots (worn)
 u - a scarf of resistance (worn)
 A - the +1 ring mail of Surprise (worn) {rPois MR+ Str+3}
   (You found it on level 8 of the Dungeon)

   It affects your strength (+3).
   It protects you from poison.
   It affects your resistance to hostile enchantments.
Jewellery
 m - a ring of protection from fire (left hand)
 C - a ring of fire (right hand)
 E - a +4 ring of evasion {unknown}
Wands
 q - a wand of clouds (6)
 x - a wand of digging (5)
Scrolls
 c - 3 scrolls of magic mapping {unknown}
 e - 2 scrolls of enchant weapon
 j - 2 scrolls of enchant armour
 k - 3 scrolls of immolation {unknown}
 p - a scroll of noise {unknown}
 s - a scroll of summoning {unknown}
 v - 2 scrolls of teleportation
 w - a scroll of fear {unknown}
 y - a scroll of holy word {unknown}
 B - a scroll of fog {unknown}
Potions
 d - a potion of might
 g - a potion of resistance {unknown}
 h - 4 potions of flight
 i - 5 potions of curing
 l - a potion of agility {unknown}
 n - 3 potions of brilliance
 r - a potion of berserk rage {unknown}
 t - a potion of magic {unknown}
 z - 2 potions of lignification {unknown}
Comestibles
 f - 19 rations
 G - 6 chunks of flesh


   Skills:
 + Level 10.6(15.6) Fighting
 * Level 13.8(18.8) Axes
 + Level 10.6(15.6) Armour
   Level 3.6(8.6) Shields


You had 9 spell levels left.
You didn't know any spells.
Your spell library was empty.

Dungeon Overview and Level Annotations

Branches:
Dungeon (10/15)            Temple (1/1) D:4            Lair (0/6) D:9
    Orc: D:9-12

Altars:
Ashenzari
Dithmenos
Elyvilon
Gozag
Kikubaaqudgha
Makhleb
Okawaru
Sif Muna
Trog
Uskayaw
Wu Jian
Xom
Yredelemnul
Zin
The Shining One

Annotations:
D:8 2 transporters, 3 runed doors


Innate Abilities, Weirdness & Mutations

You reflexively headbutt those who attack you in melee.
You have a pair of horns on your head.


Message History

You completely miss something. You headbutt something. Something hits you.
* * * LOW HITPOINT WARNING * * *
Something bites you!
* * * LOW HITPOINT WARNING * * *
Something draws strength from your injuries!
You closely miss something. You hit something. You headbutt something.
Something hits you!
* * * LOW HITPOINT WARNING * * *
Something bites you!
* * * LOW HITPOINT WARNING * * *
Something draws strength from your injuries!
You gain the combat prowess of a mighty hero.
You hear the faint creaking of a very distant portcullis.
Something hits you.
* * * LOW HITPOINT WARNING * * *
Something completely misses you.
You miss something. Something hits you.
* * * LOW HITPOINT WARNING * * *
Something bites you.
You die...

#%..## ...#.... #:...#
###...... #....#
###...)....
#....###...###.... #
##........### #.÷.. #.
#......#### ##.##
#.$#.....## ##.#
#...{#.## ###..##
#...@..# #......
#.......).# ##...####.
#......#.....#..## ###.
#.###...######.#####...
#. #### #...#..... # +#
#......... #........#
#.##..##.. ##...÷##.#


There were no monsters in sight!

Vanquished Creatures
  Erolcha (D:9)
  A two-headed ogre (D:9)
  A centaur zombie (D:10)
  A yaktaur (D:8)
  A slime creature (D:8)
  A hippogriff (D:8)
  3 hungry ghosts
  Edmund (D:5)
  A water moccasin (D:8)
  4 sky beasts
  Duvessa (D:5)
  2 ice beasts (D:8)
  A porcupine (D:9)
  2 black bears
  2 orc warriors
  A necrophage (D:9)
  5 ogres
  A big kobold (D:9)
  5 bullfrogs
  Blork the orc (D:5)
  Dowan (D:5)
  4 wyvern skeletons
  4 scorpions
  7 killer bees (D:9)
  A howler monkey (D:9)
  5 crimson imps
  2 jellies
  A quasit (D:6)
  3 hounds
  3 bullfrog skeletons
  2 centaur skeletons
  7 orc priests
  An iguana (D:9)
  6 orc wizards
  Natasha (thrice) (D:2)
  6 worker ants
  2 killer bee zombies
  A hound zombie (D:5)
  A howler monkey zombie (D:5)
  Robin (D:2)
  3 gnolls (D:9)
  14 adders
  3 shadow imps
  An ooze (D:1)
  An adder zombie (D:6)
  2 adder skeletons
  A worm (D:6)
  8 leopard geckos
  34 orcs
  2 giant cockroaches
  14 goblins
  7 hobgoblins
  10 jackals
  16 kobolds
  2 quokkas (D:7)
  A ball python (D:4)
  5 bats
  2 frilled lizards (D:3)
  2 jackal skeletons
  2 jackal zombies
  8 rats
  A bush (D:1)
  A plant (D:1)
237 creatures vanquished.

Vanquished Creatures (others)
  A fungus (D:9)
  A plant (D:1)
2 creatures vanquished.

Grand Total: 239 creatures vanquished

Notes
Turn   | Place    | Note
-------+----------+-------------------------------------------
     0 | D:1      | Maize the Minotaur Fighter began the quest for the Orb.
     0 | D:1      | Reached XP level 1. HP: 19/19 MP: 0/0
   284 | D:1      | Reached skill level 3 in Axes
   284 | D:1      | Reached XP level 2. HP: 27/27 MP: 1/1
   651 | D:1      | Reached XP level 3. HP: 28/33 MP: 2/2
   786 | D:2      | Noticed an ogre
   792 | D:2      | Killed an ogre
   792 | D:2      | Reached skill level 4 in Axes
   792 | D:2      | Reached XP level 4. HP: 13/41 MP: 3/3
  1067 | D:2      | Noticed Natasha
  1072 | D:2      | Killed Natasha
  1072 | D:2      | Reached XP level 5. HP: 39/47 MP: 4/4
  1108 | D:2      | Noticed Natasha
  1115 | D:2      | Killed Natasha
  1115 | D:2      | Reached skill level 5 in Axes
  1183 | D:2      | Noticed Natasha
  1188 | D:2      | Killed Natasha
  1209 | D:2      | Reached skill level 5 in Fighting
  1281 | D:2      | Reached skill level 5 in Armour
  1281 | D:2      | Noticed Robin
  1318 | D:2      | Killed Robin
  1391 | D:2      | Reached XP level 6. HP: 42/56 MP: 5/5
  1619 | D:2      | Found a basalt altar of Yredelemnul.
  1624 | D:2      | Found a glowing golden altar of the Shining One.
  1626 | D:2      | Found a shattered altar of Ashenzari.
  1764 | D:3      | Noticed a hungry ghost
  1772 | D:3      | Killed a hungry ghost
  1772 | D:3      | Reached skill level 6 in Axes
  1845 | D:3      | Found a deep blue altar of Sif Muna.
  1864 | D:3      | Found an opulent altar of Gozag.
  2379 | D:3      | Found an ornate altar of the Wu Jian Council.
  2656 | D:4      | Reached XP level 7. HP: 42/62 MP: 6/6
  2672 | D:4      | Reached skill level 7 in Axes
  3268 | D:4      | Found a staircase to the Ecumenical Temple.
  3277 | Temple   | Entered the Ecumenical Temple
  3290 | Temple   | Became a worshipper of Warmaster Okawaru
  3412 | D:3      | Found a bloodstained altar of Trog.
  3524 | D:5      | Entered Level 5 of the Dungeon
  3581 | D:5      | Noticed Edmund
  3614 | D:5      | Killed Edmund
  3614 | D:5      | Reached skill level 8 in Axes
  3614 | D:5      | Reached XP level 8. HP: 23/71 MP: 7/7
  3914 | D:5      | Noticed Duvessa
  3914 | D:5      | Noticed Dowan
  3941 | D:5      | Killed Duvessa
  3945 | D:5      | Killed Dowan
  3945 | D:5      | Reached * piety under Okawaru
  4193 | D:5      | Found a white marble altar of Elyvilon.
  4234 | D:5      | Reached skill level 9 in Axes
  4768 | D:5      | Noticed Blork the orc
  4775 | D:5      | Killed Blork the orc
  5011 | D:6      | Reached skill level 10 in Axes
  5098 | D:6      | Reached ** piety under Okawaru
  5232 | D:6      | Reached XP level 9. HP: 81/81 MP: 8/8
  5791 | D:6      | Found an ancient bone altar of Kikubaaqudgha.
  5791 | D:6      | Found a hide-covered altar of Uskayaw.
  6655 | D:8      | Noticed a kobold demonologist
  6659 | D:8      | Found a transporter.
  6678 | D:8      | Found a shadowy altar of Dithmenos.
  7051 | D:8      | Reached skill level 11 in Axes
  7061 | D:8      | Reached *** piety under Okawaru
  7203 | D:8      | Got a bloodstained ring mail
  7214 | D:8      | Identified the cursed +1 ring mail of Surprise {rPois MR+
                  | Str+3} (You found it on level 8 of the Dungeon)
  7216 | D:8      | Found a transporter.
  7217 | D:8      | Found a transporter.
  7218 | D:8      | Noticed a yaktaur
  7221 | D:8      | Found a burning altar of Makhleb.
  7236 | D:8      | Killed a yaktaur
  7468 | D:8      | Found a transporter.
  7526 | D:8      | Found a glowing silver altar of Zin.
  7679 | D:8      | Reached skill level 12 in Axes
  7699 | D:8      | Found a runed gate.
  7699 | D:8      | Found a runed gate.
  7699 | D:8      | Found a runed gate.
  7700 | D:8      | Noticed a red ugly thing
  7700 | D:8      | Noticed a glowing orange brain
  7700 | D:8      | Noticed a white ugly thing
  7700 | D:8      | Noticed a cyan ugly thing
  7700 | D:8      | Noticed a white ugly thing
  7925 | D:9      | Noticed a two-headed ogre
  8134 | D:9      | Killed a two-headed ogre
  8134 | D:9      | Reached **** piety under Okawaru
  8134 | D:9      | Reached XP level 10. HP: 58/91 MP: 9/9
  8396 | D:9      | Received a gift from Okawaru
  9015 | D:9      | Reached skill level 10 in Armour
  9021 | D:9      | Reached skill level 10 in Fighting
  9050 | D:9      | Reached skill level 13 in Axes
  9226 | D:9      | Found a staircase to the Lair.
  9437 | D:9      | Noticed Erolcha
  9461 | D:9      | Killed Erolcha
  9461 | D:9      | Reached ***** piety under Okawaru
  9461 | D:9      | Received a gift from Okawaru
  9738 | D:10     | Entered Level 10 of the Dungeon
  9756 | D:10     | Found a shimmering altar of Xom.
  9870 | D:10     | Received a gift from Okawaru
  9880 | D:10     | Got an ancient halberd {god gift}
  9881 | D:10     | Identified the +3 halberd of the Empty Page {protect,
                  | Stlth+} (Okawaru gifted it to you on level 10 of the
                  | Dungeon)
  9910 | D:10     | HP: 3/94 [something (5)]
  9910 | D:10     | Slain by a vampire

Vault maps used:
D:1:      dpeg_arrival_rooms_b, lexackson_kobold_supper
D:2:      minitemple, palyth_stone_intersect, uniq_natasha, uniq_robin
D:3:      lemuel_doored_altar, marbit_many_paths,
          nicolae_overflow_hidden_temple, old_standard_altar
D:4:      minmay_temple_entry_drinking_statues
D:5:      elyvilon_altar_3, first_ration, uniq_edmund, uniq_blork_the_orc,
          uniq_duvessa
D:6:      gammafunk_temple_overflow_elements, minmay_misc_feat_nine_boxes
D:8:      gammafunk_wand_slinger, kennysheep_mini, lemuel_round_altar,
          gammafunk_temple_overflow_arena,
          ploomutoo_gammafunk_ghost_potion_laboratory
D:9:      grunt_lair_entry_orc_guard_hut, uniq_erolcha
D:10:     minmay_clustersquares, enter_bailey_3, basic_altar
Temple:   nicolae_temple_figure_zero

Skill      XL: |  1  2  3  4  5  6  7  8  9 10 |
---------------+-------------------------------+-----
Axes           | 3 4 5 6 8 10 12 13 | 13.8
Fighting       | 4 5 6 7 9 10 | 10.6
Armour         | 4 5 6 7 9 10 | 10.6
Shields        | |  3.6

Action                   |  1- 3 |  4- 6 |  7- 9 | 10-12 || total
-------------------------+-------+-------+-------+-------++-------
Melee: War axe           |    86 |   114 |   273 |     8 ||   481
       Headbutt          |    18 |    18 |    72 |    40 ||   148
       Hand axe          |       |       |    37 |   166 ||   203
Invok: Heroism           |       |       |     1 |     2 ||     3
  Use: Scroll            |       |       |     8 |     1 ||     9
  Eat: Chunk             |       |     5 |    18 |     7 ||    30
       Ration            |       |     1 |       |       ||     1
Armor: Scale mail        |    21 |    49 |   118 |       ||   188
       Ring mail         |       |       |    21 |    72 ||    93
Dodge: Dodged            |    25 |    54 |   146 |    91 ||   316

Table legend:
 A = Non-vault XP
 B = Vault XP
 C = Vault XP percentage of total XP
 D = Non-vault monster count
 E = Vault monster count
 F = Vault count percentage of total count
                 A         B        C        D         E       F
            +---------+---------+-------+---------+---------+-------
      Total |    7198 |    3222 |  30.9 |     197 |      38 |  16.2
            +---------+---------+-------+---------+---------+-------
        D:1 |      30 |      16 |  34.8 |      15 |       8 |  34.8
        D:2 |     335 |      72 |  17.7 |      19 |      13 |  40.6
        D:3 |     262 |       1 |   0.4 |      18 |       1 |   5.3
        D:4 |     489 |       0 |   0.0 |      30 |       0 |   0.0
        D:5 |     689 |     471 |  40.6 |      22 |       4 |  15.4
        D:6 |     468 |       0 |   0.0 |      20 |       0 |   0.0
        D:7 |     393 |       0 |   0.0 |      14 |       0 |   0.0
        D:8 |     997 |    1052 |  51.3 |      12 |       5 |  29.4
        D:9 |    2384 |    1610 |  40.3 |      33 |       7 |  17.5
       D:10 |    1151 |       0 |   0.0 |      14 |       0 |   0.0
            +---------+---------+-------+---------+---------+-------
